 Dungeon Sprint DCSS version 0.24-a0-309-g1095bcad4c (webtiles) character file.

Game seed: 3199432210820327471

11500000 Hercules1031 the Conqueror (level 27, -22/484 HPs)
             Began as an Ogre Gladiator on May 14, 2019.
             Was the Champion of Makhleb.
             Killed from afar by a dread (27 damage)
             ... with damnation
             ... in the Dungeon (Sprint VIII: "Arena of Blood").
             The game lasted 00:06:19 (115 turns).

Hercules1031 the Conqueror (Ogre Gladiator)          Turns: 115, Time: 00:06:20

Health: -22/484    AC:  5    Str: 31    XL:     27
Magic:  41/54      EV: 32    Int:  9    God:    Makhleb [******]
Gold:   0          SH:  0    Dex: 19    Spells: 80/80 levels left

rFire    . . .     SeeInvis +   l - +∞ Axe of Woe
rCold    . . .     Gourm    .   (shield currently unavailable)
rNeg     . . .     Faith    .   b - +0 robe
rPois    .         Spirit   .   c - +0 hat
rElec    .         Reflect  .   (no cloak)
rCorr    .         Harm     .   (gloves unavailable)
MR       ++...     NoTele   +   (boots unavailable)
Stlth    ..........             (no amulet)
HPRegen  0.90/turn              m - ring of see invisible
MPRegen  0.34/turn              (no ring)

@: berserking, lethally poisoned (-22 -> -37), hasted (expiring), very quick
A: large, unfitting armour, tough skin 1
a: Minor Destruction, Lesser Servant of Makhleb, Major Destruction, Greater
Servant of Makhleb, Renounce Religion


You were in the Dungeon.
You worshipped Makhleb.
Makhleb was exalted by your worship.
You were not hungry.

You visited 1 branch

Inventory:

Hand Weapons
 a - a +0 war axe
 l - the +∞ Axe of Woe (weapon)
   (You found it in the Dungeon)
Missiles
 d - 3 throwing nets (quivered)
Armour
 b - a +0 robe (worn)
 c - a +0 hat (worn)
Jewellery
 m - a ring of see invisible (left hand)
Scrolls
 k - a scroll of blinking
Potions
 e - a potion of curing
 i - 2 potions of magic
Comestibles
 f - a ration


   Skills:
 O Level 27 Fighting
 O Level 27 Axes
 O Level 27 Throwing
 O Level 27 Armour
 O Level 27 Dodging
 O Level 27 Stealth
 O Level 27 Unarmed Combat
 O Level 27 Spellcasting
 O Level 27 Invocations


You had 80 spell levels left.
You didn't know any spells.
Your spell library was empty.

Dungeon Overview and Level Annotations

Branches:
Dungeon (1/1)

Altars:
Makhleb

Annotations:
D The Defiler


Innate Abilities, Weirdness & Mutations

You are too large for most types of armour.
You have tough skin. (AC +1)


Message History

The tentacled monstrosity disappears in a puff of smoke!
The large abomination disappears in a puff of smoke! x2
You are engulfed in blazing flames.
* * * LOW HITPOINT WARNING * * *
You hear a shout! x2
The tyrant waves its bony arms in wide circles.
The air twists around and strikes you!
* * * LOW HITPOINT WARNING * * *
The bag of meat is engulfed in blazing flames.
The bag of meat dies!
You hear a shout!
The scourge is engulfed in blazing flames.
The scourge throws poison at you. The bolt of poison hits you!!
You are poisoned.
* * * LOW HITPOINT WARNING * * *
You hear a shout!
The dread throws damnation at you.
The sphere of damnation explodes!
The damnation engulfs you!!
You die...

..#.....)%#. ..
...........))). ... #
...........))).
.....#.#........%...)○☼§
#..o#.#.#......W..%W).)#
#.L.#L#.WS§.#.......)#.
o .....S§§...W.......%#.


Goo #..§§§o§##W#..)..... .....##.@§ooLX........... #..oO..####))).#.....##
####...z.o..))))....... ####.G.GW..))))).... ####............. ##############
You could see 3 tyrants, an observer (invisible), 2 scourges, a sculptor of
flesh, a large abomination, 3 dreads, a meat berserker (berserk) and 5 bags of
meat.

Vanquished Creatures
  5 hell beasts (D)
  A greater mummy (D)
  A great orb of eyes (D)
  A wraith (D)
  14 vampire knights (D)
  25 ogres (D)
  5 two-headed ogres (D)
  6 liches (D)
  32 orcs (D)
  2 phantoms (D)
  4 skeletal warriors (D)
  2 large abominations (D)
  4 small abominations (D)
  9 crawling corpses (D)
111 creatures vanquished.

Vanquished Creatures (collateral kills)
  A crawling corpse (D)
1 creature vanquished.

Vanquished Creatures (others)
  An orc (D)
  8 crawling corpses (D)
9 creatures vanquished.

Grand Total: 121 creatures vanquished

Notes
Turn   | Place    | Note
-------+----------+-------------------------------------------
     0 | D        | Found the +∞ Axe of Woe
     0 | D        | Hercules1031 the Ogre Gladiator began the quest for the
                  | Orb.
     0 | D        | Reached XP level 1. HP: 22/22 MP: 1/1
     3 | D        | Noticed a bag of meat
     4 | D        | Became a worshipper of Makhleb the Destroyer
     4 | D        | Noticed a meat berserker
     5 | D        | Noticed a bag of meat
     7 | D        | Noticed a meat berserker
     8 | D        | Killed a meat berserker
     8 | D        | Reached skill level 15 in Dodging
     8 | D        | Reached XP level 2. HP: 67/67 MP: 2/2
     8 | D        | Reached XP level 3. HP: 76/76 MP: 3/3
     8 | D        | Reached XP level 4. HP: 85/85 MP: 4/4
     8 | D        | Reached XP level 5. HP: 94/94 MP: 5/5
     8 | D        | Reached XP level 6. HP: 104/104 MP: 6/6
     8 | D        | Reached XP level 7. HP: 113/113 MP: 7/7
     8 | D        | Reached XP level 8. HP: 122/122 MP: 8/8
     8 | D        | Reached XP level 9. HP: 131/131 MP: 9/9
     8 | D        | Reached XP level 10. HP: 140/140 MP: 10/10
     8 | D        | Reached XP level 11. HP: 149/149 MP: 11/11
     8 | D        | Reached XP level 12. HP: 158/158 MP: 12/12
     8 | D        | Reached XP level 13. HP: 167/167 MP: 13/13
     8 | D        | Noticed a meat berserker
     8 | D        | Noticed a meat berserker
     9 | D        | Noticed a bag of meat
     9 | D        | Killed a bag of meat
     9 | D        | Reached * piety under Makhleb
     9 | D        | Reached skill level 15 in Armour
     9 | D        | Reached XP level 14. HP: 183/183 MP: 14/14
     9 | D        | Noticed a meat berserker
     9 | D        | Noticed a bag of meat
    10 | D        | Killed a meat berserker
    10 | D        | Reached XP level 15. HP: 200/200 MP: 15/15
    11 | D        | Killed a meat berserker
    11 | D        | Reached skill level 27 in Fighting
    11 | D        | Reached XP level 16. HP: 202/217 MP: 16/16
    11 | D        | Reached ** piety under Makhleb
    12 | D        | Noticed a large bag of meat
    12 | D        | Noticed a large bag of meat
    13 | D        | Killed a meat berserker
    13 | D        | Reached XP level 17. HP: 178/226 MP: 17/17
    13 | D        | Noticed a meat berserker
    14 | D        | Killed a meat berserker
    15 | D        | Noticed a meat berserker
    16 | D        | Reached *** piety under Makhleb
    16 | D        | Reached skill level 27 in Axes
    16 | D        | Reached XP level 18. HP: 236/236 MP: 18/18
    18 | D        | Killed a large bag of meat
    18 | D        | Reached skill level 27 in Armour
    18 | D        | Reached skill level 27 in Dodging
    19 | D        | Reached **** piety under Makhleb
    19 | D        | Reached XP level 19. HP: 231/245 MP: 19/19
    19 | D        | Noticed a meat berserker
    21 | D        | Killed a meat berserker
    22 | D        | Killed a large bag of meat
    22 | D        | Reached skill level 27 in Throwing
    22 | D        | Reached XP level 20. HP: 201/256 MP: 20/20
    22 | D        | Reached ***** piety under Makhleb
    22 | D        | Reached skill level 10 in Stealth
    22 | D        | Reached skill level 15 in Spellcasting
    22 | D        | Reached skill level 15 in Invocations
    22 | D        | Killed a meat berserker
    22 | D        | Reached skill level 15 in Unarmed Combat
    24 | D        | Reached skill level 15 in Stealth
    24 | D        | Reached XP level 21. HP: 260/265 MP: 20/44
    24 | D        | Killed a meat berserker
    25 | D        | Noticed a large bag of meat
    25 | D        | Noticed a destroyer
    26 | D        | Noticed a meat berserker
    26 | D        | Noticed a meat berserker
    27 | D        | Noticed a destroyer
    27 | D        | Noticed a destroyer
    27 | D        | Noticed a meat berserker
    28 | D        | Killed a destroyer
    28 | D        | Reached XP level 22. HP: 275/275 MP: 21/51
    28 | D        | Reached ****** piety under Makhleb
    29 | D        | Reached skill level 27 in Spellcasting
    29 | D        | Reached skill level 27 in Invocations
    30 | D        | Killed a large bag of meat
    30 | D        | Reached skill level 27 in Unarmed Combat
    30 | D        | Reached XP level 23. HP: 284/284 MP: 21/54
    30 | D        | Reached skill level 27 in Stealth
    30 | D        | Noticed a destroyer
    32 | D        | Reached XP level 24. HP: 295/295 MP: 22/54
    33 | D        | Killed a destroyer
    33 | D        | Noticed a destroyer
    36 | D        | Noticed a destroyer
    36 | D        | Reached XP level 25. HP: 304/304 MP: 23/54
    38 | D        | Killed a destroyer
    39 | D        | Killed a destroyer
    39 | D        | Reached XP level 26. HP: 303/314 MP: 24/54
    40 | D        | Noticed a destroyer
    40 | D        | Noticed a destroyer
    41 | D        | Killed a destroyer
    41 | D        | Killed a destroyer
    41 | D        | Reached XP level 27. HP: 323/323 MP: 24/54
    42 | D        | Noticed a destroyer
    44 | D        | Killed a destroyer
    45 | D        | Noticed a large bag of meat
    45 | D        | Noticed a destroyer
    46 | D        | Killed a destroyer
    49 | D        | Noticed a destroyer
    51 | D        | Killed a destroyer
    51 | D        | Killed a destroyer
    52 | D        | Killed a large bag of meat
    54 | D        | Noticed a tyrant
    55 | D        | Noticed a tyrant
    56 | D        | Killed a destroyer
    57 | D        | Noticed a tyrant
    60 | D        | Noticed a dread
    64 | D        | Noticed a meat beast
    66 | D        | Killed a tyrant
    68 | D        | Noticed a meat beast
    68 | D        | Killed a dread
    69 | D        | Killed a meat beast
    73 | D        | Noticed a destroyer
    75 | D        | Killed a meat beast
    75 | D        | Killed a tyrant
    77 | D        | Noticed a tyrant
    81 | D        | Noticed a destroyer
    84 | D        | Killed a destroyer
    86 | D        | Noticed a meat beast
    88 | D        | Killed a meat beast
    88 | D        | Noticed a dread
    89 | D        | Noticed an accursed
    92 | D        | Noticed a tyrant
    92 | D        | Noticed a large bag of meat
    92 | D        | Noticed a destroyer
    94 | D        | Noticed a tyrant
    94 | D        | Killed a tyrant
    95 | D        | Killed an accursed
    95 | D        | Noticed a meat beast
    98 | D        | Killed a destroyer
    98 | D        | Noticed a dread
    99 | D        | Killed a tyrant
    99 | D        | Killed a destroyer
   100 | D        | Noticed a tyrant
   101 | D        | Killed a meat beast
   103 | D        | Killed a tyrant
   103 | D        | Noticed a dread
   108 | D        | Noticed a dread
   109 | D        | Noticed a tyrant
   109 | D        | Noticed a tyrant
   110 | D        | Noticed a meat beast
   111 | D        | Noticed The Defiler
   112 | D        | Killed a meat beast
   114 | D        | Killed a large bag of meat
   114 | D        | HP: 14/484 [??? (11)]
   115 | D        | Killed a tyrant
   115 | D        | HP: 5/484 [scourge/bolt of poison (19)]
   115 | D        | Killed from afar by a dread

Levels and vault maps discovered:
D:        meatsprint

Skill      XL: |  1  2  3  4  5  6  7  8  9 10 11 12 13 14 15 16 17 18 19 20 21 22 23 |
---------------+----------------------------------------------------------------------+-----
Fighting       | 20 22 25 27 | 27.0
Axes           | 16 18 20 22 25 27 | 27.0
Armour         | 14 15 17 19 21 24 27 | 27.0
Dodging        | 15 17 19 20 23 25 27 | 27.0
Throwing       | 17 27 | 27.0
Stealth        | 15 20 25 27 | 27.0
Unarmed Combat | 16 22 27 | 27.0
Spellcasting   | 19 25 27 | 27.0
Invocations    | 19 25 27 | 27.0

Action                   |  1- 3 |  4- 6 |  7- 9 | 10-12 | 13-15 | 16-18 | 19-21 | 22-24 | 25-27 || total
-------------------------+-------+-------+-------+-------+-------+-------+-------+-------+-------++-------
Melee: Executioner's axe |     1 |       |       |       |     3 |     5 |     6 |     8 |    47 ||    70
Invok: Greater Servant o |       |       |       |       |       |       |       |       |     3 ||     3
  Use: Potion            |       |       |       |       |       |       |       |       |     3 ||     3
Dodge: Dodged            |       |       |       |       |       |       |       |       |     2 ||     2

Table legend:
 A = Non-vault XP
 B = Vault XP
 C = Vault XP percentage of total XP
 D = Non-vault monster count
 E = Vault monster count
 F = Vault count percentage of total count
                 A         B        C        D         E       F
            +---------+---------+-------+---------+---------+-------
      Total | 2616079 |  897536 |  25.5 |      62 |      40 |  39.2
            +---------+---------+-------+---------+---------+-------
          D | 2616079 |  897536 |  25.5 |      62 |      40 |  39.2
            +---------+---------+-------+---------+---------+-------
